 Dungeon Crawl Stone Soup version 0.18-a0-1140-g8540535 (webtiles) character file.

79 namelastname112 the Skirmisher (level 4, -2/38 HPs)
             Began as a Draconian Abyssal Knight on Jan 22, 2016.
             Was a Believer of Lugonu.
             Slain by an orc
             ... wielding a +0 club
              (3 damage)
             ... on level 3 of the Dungeon.
             The game lasted 00:03:26 (2189 turns).

namelastname112 the Skirmisher (DrAK)               Turns: 2189, Time: 00:03:27

Health: -2/38      AC:  6    Str: 15    XL:     4   Next: 16%
Magic:  6/6        EV: 15    Int: 12    God:    Lugonu [**....]
Gold:   73         SH:  0    Dex: 16    Spells: 0 memorised, 3 levels left

rFire  + . .     SeeInvis .     a - +1 hand axe
rCold  . . .     Gourm    .     (armour unavailable)
rNeg   . . .     Faith    .     (no shield)
rPois  .         Spirit   .     (helmet restricted)
rElec  .         Dismiss  .     (no cloak)
rCorr  .         Reflect  .     e - +0 pair of gloves
SustAt .         Harm     .     (no boots)
MR     .....                    (no amulet)
Stlth  ++........               s - ring of protection from fire
                                d - -3 ring of evasion (curse)

@: agile, not resistant to hostile enchantments, unstealthy
A: unfitting armour, cold-blooded, AC +5
a: Depart the Abyss, Bend Space, Renounce Religion


You were on level 3 of the Dungeon.
You worshipped Lugonu.
Lugonu was pleased with you.
You were not hungry.

You visited 1 branch of the dungeon, and saw 3 of its levels.
You visited the Abyss 1 time.

You collected 73 gold pieces.

Inventory:

Hand Weapons
 a - a +1 hand axe (weapon)
Missiles
 u - 4 javelins (quivered)
Armour
 e - a +0 pair of gloves (worn)
 t - a +1 pair of gloves
Jewellery
 d - a cursed -3 ring of evasion (left hand)
 s - a ring of protection from fire (right hand)
Wands
 l - a wand of slowing (22/48)
Scrolls
 f - 2 scrolls of fear {unknown}
 j - 2 scrolls of remove curse {unknown}
 k - 2 scrolls of identify {unknown}
 o - 2 scrolls of enchant weapon {unknown}
 p - 2 scrolls of immolation {unknown}
 q - a scroll of noise {unknown}
 r - a scroll of teleportation {unknown}
Potions
 c - 2 potions of agility
 g - 2 potions of curing {unknown}
 h - a potion of heal wounds {unknown}
 i - a potion of brilliance {unknown}
 m - 4 potions of poison {unknown}
Comestibles
 b - a bread ration
 n - a beef jerky


   Skills:
 + Level 3.4 Fighting
 * Level 3.3 Axes
 + Level 2.5 Dodging
 * Level 3.2 Invocations


You had 3 spell levels left.
You didn't know any spells.

Dungeon Overview and Level Annotations

Branches:
Dungeon (3/15)

Altars:


Innate Abilities, Weirdness & Mutations

Your plain brown scales are hard (AC +5).
Your body does not fit into most forms of armour.
You are cold-blooded and may be slowed by cold attacks.


Message History

The orc hits you but does no damage.
A kobold comes into view. It is wielding a dagger.
The kobold shouts!
You see here 4 javelins.
u - 4 javelins The kobold hits you but does no damage.
You closely miss the kobold.
Your tail-slap misses the kobold.
You hit the orc.
The orc is severely wounded.
The orc barely misses you. The kobold hits you but does no damage.
You closely miss the kobold. You hit the orc.
The orc is almost dead.
The orc hits you with a club!
* * * LOW HITPOINT WARNING * * *
The kobold hits you with a dagger.
* * * LOW HITPOINT WARNING * * *
Drink which item? (? for menu, Esc to quit)
It was a potion of agility.
You feel agile all of a sudden. The orc hits you with a club.
You die...

..####.#.####.##########
.......#...oo...........
..##############.######
........# #.# <#####..#
#.# .# #o# .# #o# .# #o#
.. #@# .. #.....K.# ..
.######## .##


You could see 3 orcs and a kobold.

Vanquished Creatures
  2 adders (D:3)
  3 worms
  2 orcs (D:3)
  4 ball pythons
  5 bats
  2 giant cockroaches
  3 hobgoblins
  12 jackals
  3 kobolds
  A quokka (D:2)
  3 goblins
  5 rats
45 creatures vanquished.

Notes
Turn   | Place    | Note
--------------------------------------------------------------
     0 | Abyss:1  | namelastname112 the Draconian Abyssal Knight began the quest for the Orb.
     0 | Abyss:1  | Reached XP level 1. HP: 19/19 MP: 2/2
    47 | D:1      | Escaped the Abyss
   111 | D:1      | Reached XP level 2. HP: 13/26 MP: 3/3
   682 | D:1      | Reached ** piety under Lugonu
   915 | D:2      | Reached XP level 3. HP: 31/31 MP: 5/5
  1935 | D:3      | Reached XP level 4. HP: 26/38 MP: 6/6
  2188 | D:3      | HP: 1/38 [kobold/dagger (1)]
  2189 | D:3      | Slain by an orc

Vault maps used:
D:1:      dpeg_arrival_boxorama
D:2:      minmay_bad_closet, minmay_crystal_water
D:3:      ecumenical_altar_2, cheibriados_altar_wand_db
Abyss:1:  abyss_furniture_001

Action                   |  1- 3 |  4- 6 || total
-------------------------+-------+-------++-------
Melee: Hand axe          |   120 |    27 ||   147
  Use: Potion            |       |     1 ||     1
 Stab: Sleeping          |     3 |       ||     3
  Eat: Chunk             |     3 |     1 ||     4
